 Dungeon Crawl Stone Soup version 0.18.1-48-g4cf74bf (webtiles) character file.

76 Joat the Grasshopper (level 4, 19/39 HPs)
             Began as a Deep Dwarf Warper on July 27, 2016.
             Quit the game on level 2 of the Dungeon.
             The game lasted 00:09:36 (1909 turns).

Joat the Grasshopper (Deep Dwarf Warper)            Turns: 1909, Time: 00:09:37

Health: 19/39      AC:  3    Str: 15    XL:     4   Next: 12%
Magic:  7/7        EV: 12    Int: 14    God:
Gold:   113        SH:  0    Dex: 12    Spells: 2 memorised, 4 levels left

rFire  . . .     SeeInvis .     a - +0 hand axe
rCold  . . .     Gourm    .     b - +0 leather armour
rNeg   . . .     Faith    .     (no shield)
rPois  .         Spirit   .     (no helmet)
rElec  .         Dismiss  .     (no cloak)
rCorr  .         Reflect  .     (no gloves)
SustAt .         Harm     .     (no boots)
MR     .....                    (no amulet)
Stlth  +.........               (no ring)
                                (no ring)

@: non-regenerating, not resistant to hostile enchantments, very unstealthy
A: damage resistance, recharge devices, sense surroundings 1, slow regeneration
3
a: Device Recharging


You were on level 2 of the Dungeon.
You were not hungry.

You visited 1 branch of the dungeon, and saw 2 of its levels.

You collected 113 gold pieces.

Inventory:

Hand Weapons
 a - a +0 hand axe (weapon)
 v - a cursed +0 hunting sling
Missiles
 e - 5 tomahawks of dispersal (quivered)
 w - 17 arrows
Armour
 b - a +0 leather armour (worn)
 x - a +0 scale mail
Wands
 f - a wand of heal wounds (3/9)
Scrolls
 d - a scroll of blinking
 h - 2 scrolls of remove curse {unknown}
 i - 2 scrolls of recharging {unknown}
 k - a scroll of fear {unknown}
 m - a scroll of identify {unknown}
 q - 2 scrolls of amnesia {unknown}
 r - a scroll of enchant armour {unknown}
Potions
 j - 2 potions of curing {unknown}
 l - a potion of lignification {unknown}
 p - 2 potions of mutation {unknown}
 s - a potion of ambrosia {unknown}
Books
 c - a book of Spatial Translocations

   Spells                             Type                      Level
   a - Apportation                    Translocation                1
   b - Blink                          Translocation                2
   c - Shroud of Golubria             Charms/Translocation         2
   d - Portal Projectile              Translocation                3
   e - Teleport Other                 Translocation                3
   f - Passage of Golubria            Translocation                4
Comestibles
 g - a meat ration
 n - a bread ration
 o - a slice of pizza
 t - a beef jerky
 u - 4 chunks of flesh


   Skills:
 + Level 1.8 Fighting
 + Level 2.7 Axes
 + Level 0.8 Throwing
 + Level 2.1 Armour
 + Level 3.3 Dodging
 + Level 2.0 Spellcasting
 + Level 3.8 Translocations


You had 4 spell levels left.
You knew the following spells:

 Your Spells              Type           Power        Failure   Level  Hunger
a - Apportation           Tloc           ##........   10%         1    ##.....
b - Blink                 Tloc           N/A          12%         2    ###....


Dungeon Overview and Level Annotations

Branches:
Dungeon (2/15)

Altars:
Trog


Innate Abilities, Weirdness & Mutations

You are resistant to damage.
You can recharge devices by infusing magical energy.
You passively map a small area around you.
You do not regenerate naturally.


Message History

Things that are here:
a club; a kobold corpse You butcher the kobold corpse.
Things that are here:
a club; 3 inedible chunks of flesh You see here a scale mail.
x - a scale mail Read which item? (? for menu, Esc to quit)
Memorise Blink, consuming 2 spell levels and leaving 4?
You start memorising the spell.
You continue memorising. x2
You finish memorising.
Spell assigned to 'b'.
Done exploring.
Saving game... please wait.
Welcome back, Joat the Deep Dwarf Warper.
Press ? for a list of commands and other information.
Unknown command.
Saving game... please wait.
Welcome back, Joat the Deep Dwarf Warper.
Press ? for a list of commands and other information.
Are you sure you want to abandon this character and quit the game? (Confirm with "yes".)

############# #...........#
#.#########.# #.#########.######
## ####.......@........# #.
#.......####.....##.### ##.
#.##..#.# #.###.##...####..
######.##..#.####.# #............
....##.##..#....).###......####..
###.##.....######)....####.# ##.
# #........# ####### #.# #. #
######..## #.# #. #..# #.# ##


There were no monsters in sight!

Vanquished Creatures
  2 adders (D:2)
  An ooze (D:2)
  A worm (D:2)
  A dart slug (D:2)
  2 giant geckos (D:2)
  2 giant cockroaches (D:2)
  6 goblins
  7 hobgoblins
  4 jackals
  8 bats
  A giant newt (D:2)
  3 kobolds
  6 rats
44 creatures vanquished.

Notes
Turn   | Place    | Note
--------------------------------------------------------------
     0 | D:1      | Joat the Deep Dwarf Warper began the quest for the Orb.
     0 | D:1      | Reached XP level 1. HP: 19/19 MP: 3/3
   254 | D:1      | Reached XP level 2. HP: 16/26 MP: 4/4
  1281 | D:2      | Reached XP level 3. HP: 27/32 MP: 6/6
  1437 | D:2      | Found a bloodstained altar of Trog.
  1655 | D:2      | Reached XP level 4. HP: 21/39 MP: 7/7
  1909 | D:2      | Learned a level 2 spell: Blink
  1909 | D:2      | Quit the game

Skill      XL: |  1  2  3 |
---------------+----------+-----
Spellcasting   | 2 |  2.0
Dodging        | 3 |  3.3
Armour         | 2 |  2.1
Fighting       | |  1.8
Axes           | |  2.7
Throwing       | |  0.8
Translocations | |  3.8

Action                   |  1- 3 |  4- 6 || total
-------------------------+-------+-------++-------
Melee: Hand axe          |   149 |    29 ||   178
Evoke: Wand              |     2 |       ||     2
  Eat: Bread ration      |     1 |       ||     1
Armor: Leather armour    |    37 |    13 ||    50
Dodge: Dodged            |   101 |    25 ||   126
